[Event "*** Titled Tuesday Blitz"]
[Site "Chess.com"]
[Date "2020.03.03"]
[Round "4"]
[White "Keaton87"]
[Black "Thunderbolt1909"]
[Result "1-0"]
[WhiteElo "2659"]
[BlackElo "2380"]
[TimeControl "180+1"]
[EndTime "9:41:43 PST"]
[Termination "Keaton87 won on time"]

1. d4 Nf6 2. Bg5 e6 3. Nd2 h6 4.
Bh4 d5 5. e3 Bd6 6. Bd3 Nbd7 7.
f4 g5 8. fxg5 hxg5 9. Bxg5 Rxh2 10. Rxh2 Bxh2 11. Ngf3 Bg3+ 12. Ke2 c5 13. c3 c4 14. Bc2 Qb6 15. Ba4 Ke7 16. Qh1 Qxb2 17. Qh8 Qxa1 18. Bxd7 Kxd7 19. Bxf6 Qxc3 20. Qd8+ Kc6 21.
Be5 Qd3+ 22. Kd1 Bd7 23. Qxa8 Kb6 24. Qd8+ Kc6 25. Qc7+ Kb5 26. Qxd7+ Kb4 27. Qxb7+ Kc3 28. Qb1 Qxe3 29. Qc1+ Kb4 30. Bxg3 1-0

[Event "*** Titled Tuesday Blitz"]
[Site "Chess.com"]
[Date "2020.03.03"]
[Round "4"]
[White "gena217"]
[Black "MrTattaglia"]
[Result "1-0"]
[WhiteElo "3018"]
[BlackElo "2815"]
[TimeControl "180+1"]
[EndTime "9:41:44 PST"]
[Termination "gena217 won by resignation"]

1. e4 e5 2. Nf3 Nc6 3. Bb5 Nf6 4.
d3 Bc5 5. Bxc6 dxc6 6. Be3 Bxe3 7. fxe3 Nd7 8. Nc3 O-O 9. O-O Qe7 10. Qe1 Nc5 11. Qg3 Re8 12. h4 h6 13. Ne2 Nd7 14. Nh2 Nf6 15. Rf3 Nh5 16. Qf2 Nf6 17. Rf1 Rf8 18.
Ng3 Ng4 19. Nxg4 Bxg4 20. Nf5 Bxf5 21. exf5 f6 22. Rg3 Qf7 23. a4 a5 24. e4 Rfd8 25. Rg6 Kf8 26. Qg3 Rd4 27. b3 b5 28. Ra1 bxa4 29.
bxa4 Rb8 30. c3 Rd6 31. d4 exd4 32. cxd4 Re8 33. e5 fxe5 34. dxe5 Rxg6 35. fxg6 Qe6 36. Rf1+ Kg8 37. h5 Qxe5 38. Qxe5 Rxe5 39. Rb1 Kf8 40. Rb8+ Ke7 41. Rg8 Kf6 42. Rf8+ Kg5 43. Rf7 Kxh5 1-0

[Event "*** Titled Tuesday Blitz"]
[Site "Chess.com"]
[Date "2020.03.03"]
[Round "4"]
[White "SlavenPastar"]
[Black "politeplayer"]
[Result "0-1"]
[WhiteElo "2478"]
[BlackElo "2273"]
[TimeControl "180+1"]
[EndTime "9:41:46 PST"]
[Termination "politeplayer won on time"]

1. d4 g6 2. c4 Bg7 3. Nc3 c5 4. e3 Nf6 5. Nf3 O-O 6. Be2 d6 7. O-O cxd4 8. exd4 Nc6 9. Bg5 Bf5 10. Rc1 Ne4 11. Be3 Nxc3 12. Rxc3 Qa5 13. a3 e5 14. b4 Qc7 15. d5 e4 16. Nd4 Nxd4 17. Bxd4 a5 18.
Bxg7 Kxg7 19. Qd4+ Kg8 20. g4 axb4 21. axb4 Ra2 22. Re3 Bd7 23. Rxe4 Qd8 24. Qe3 Qf6 25.
h3 Rfa8 26. Re7 R8a3 27. Bd3 Rxd3 28. Qe4 Rd1 29. Qe3 Rxf1+ 30. Kxf1 Ba4 31. c5 Ra1+ 32.
Kg2 Rd1 33. Rxb7 Qa1 34. Qf4 Rg1+ 0-1

[Event "*** Titled Tuesday Blitz"]
[Site "Chess.com"]
[Date "2020.03.03"]
[Round "4"]
[White "Manukyan_Artak"]
[Black "Andrew-FB00"]
[Result "1-0"]
[WhiteElo "2418"]
[BlackElo "1870"]
[TimeControl "180+1"]
[EndTime "9:41:46 PST"]
[Termination "Manukyan_Artak won by resignation"]

1. e4 e5 2. Nf3 Nc6 3. d4 exd4 4. Nxd4 Bc5 5. Nxc6 Qf6 6. Qf3 Qxf3 7. gxf3 dxc6 8. Bc4 Ne7 9. Be3 Bb6 10. Ke2 Ng6 11. Nd2 Ke7 12. h4 Be6 13. f4 Bxc4+ 14. Nxc4 f6 15. h5 Nf8 16. Rag1 Rg8 17. f5 Rd8 18. Rg4 Nd7 19.
Rhg1 Kf7 20. f4 Bxe3 21. Kxe3 Nc5 22. e5 fxe5 23. fxe5 Rde8 24. b4 Nd7 25. Kf4 Nb6 26. e6+ Kf6 27. Nxb6 cxb6 28. Rd1 Rd8 29. Rgg1 Rge8 30.
c4 Rxd1 31. Rxd1 Re7 32. Rd8 g6 33. hxg6 hxg6 34. Rf8+ Kg7 35. Ra8 a6 36. Ke5 gxf5 37. Kxf5 c5 38. bxc5 bxc5 39. Rd8 b5 40. Rd7 Kf8 41.
Kf6 Rxe6+ 42. Kxe6 bxc4 43. Rc7 1-0

[Event "*** Titled Tuesday Blitz"]
[Site "Chess.com"]
[Date "2020.03.03"]
[Round "4"]
[White "vugarrasulov"]
[Black "Monmoransy"]
[Result "1-0"]
[WhiteElo "2890"]
[BlackElo "2592"]
[TimeControl "180+1"]
[EndTime "9:41:47 PST"]
[Termination "vugarrasulov won by resignation"]

1. e4 c5 2. Nf3 Nc6 3. d4 cxd4 4. Nxd4 Nf6 5. Nc3 g6 6. Nxc6 dxc6 7. e5 Qxd1+ 8.
Nxd1 Ng4 9. f4 Bf5 10. h3 Nh6 11. Ne3 Be4 12. Bd3 Bxd3 13. cxd3 O-O-O 14. Ke2 Nf5 15.
Nxf5 gxf5 16. g4 e6 17. Be3 b6 18. gxf5 exf5 19. Rhg1 Bh6 20. a4 Kb7 21. a5 Rhg8 22.
axb6 axb6 23. d4 Rg6 24. Kf3 Ra8 25. Rxa8 Kxa8 26. Rd1 Kb7 27. d5 cxd5 28. Rxd5 Rc6 29. Rd8 f6 30. Rd7+ Ka6 31. Rxh7 fxe5 32. fxe5 Bxe3 33. Kxe3 Rc4 34. Kf3 Re4 35. Re7 Kb5 36. Kg3 Re3+ 37. Kh4 Kc6 38. e6 Rb3 39. Ra7 Rxb2 40.
e7 Re2 41. Kg5 Kd6 42. Kf6 f4 43. Kf7 f3 44. e8=Q Rxe8 45. Kxe8 Ke5 46. Rf7 1-0

[Event "*** Titled Tuesday Blitz"]
[Site "Chess.com"]
[Date "2020.03.03"]
[Round "4"]
[White "MixMasterChess"]
[Black "Endgamegenius"]
[Result "0-1"]
[WhiteElo "2093"]
[BlackElo "2303"]
[TimeControl "180+1"]
[EndTime "9:41:49 PST"]
[Termination "Endgamegenius won by resignation"]

1. e4 c5 2. Nf3 Nc6 3. Bb5 g6 4. Bxc6 dxc6 5. d3 Nf6 6. h3 Bg7 7. Nc3 Nd7 8. Be3 e5 9. Qd2 h6 10. O-O b6 11. Nh2 Nf8 12. f4 exf4 13. Bxf4 Ne6 14.
Be3 h5 15. Nf3 O-O 16. Bh6 Nd4 17. Bxg7 Kxg7 18. Rae1 Be6 19. a3 Qe7 20. Ne2 Rad8 21. Nexd4 cxd4 22. Qf4 c5 23. Rf2 b5 24. Ref1 c4 25.
Qe5+ f6 26. Qxb5 Rb8 27. Qa6 Rb6 28. Qa4 Rxb2 29. Nxd4 Bg8 30. Kh1 Qc5 31. Qd7+ Kh6 32. Rxf6 Rxf6 33. Rxf6 Rb1+ 34. Kh2 Qe5+ 35. g3 Qxf6 0-1

[Event "*** Titled Tuesday Blitz"]
[Site "Chess.com"]
[Date "2020.03.03"]
[Round "4"]
[White "Ali_rastbod"]
[Black "AlexTruskavetsky"]
[Result "1-0"]
[WhiteElo "2643"]
[BlackElo "2416"]
[TimeControl "180+1"]
[EndTime "9:41:50 PST"]
[Termination "Ali_rastbod won on time"]

1. d4 Nf6 2. Bg5 d5 3. e3 Bf5 4.
Bd3 Bxd3 5. Qxd3 e6 6. Nf3 Nbd7 7. O-O Be7 8. Nbd2 O-O 9. c4 c5 10. Rac1 cxd4 11. Qxd4 h5 12. cxd5 Nxd5 13. Bxe7 Qxe7 14. e4 Nf4 15. Qe3 e5 16. Rc7 Qd6 17. Rxb7 Nb6 18.
Nb3 Nc4 19. Qc5 Qd3 20. Nc1 Qxe4 21. Rb4 Rac8 22. Qxa7 Nh3+ 23. Kh1 Rfd8 24. Qb7 Nxf2+ 25. Rxf2 Rd1+ 26. Ng1 Qxb7 27. Rxb7 Rxc1 28. Rfxf7 Nd6 29. Rxg7+ Kh8 30. Rh7+ 1-0

[Event "*** Titled Tuesday Blitz"]
[Site "Chess.com"]
[Date "2020.03.03"]
[Round "4"]
[White "RestartingChess"]
[Black "freshfoodcompany"]
[Result "1-0"]
[WhiteElo "2391"]
[BlackElo "2080"]
[TimeControl "180+1"]
[EndTime "9:41:50 PST"]
[Termination "RestartingChess won on time"]

1. e4 c5 2. Nf3 Nc6 3. b3 e6 4. Bb2 d6 5. Bb5 Nf6 6. Qe2 Be7 7. O-O O-O 8. d3 a6 9. Bxc6 bxc6 10. e5 dxe5 11. Nxe5 Qc7 12. Nd2 Bb7 13. Ndc4 Nd5 14. Qg4 Bf6 15. f4 Bc8 16. Rf3 g6 17. Rh3 Bg7 18.
Qh4 h5 19. Rg3 Ne7 20. Nxg6 Nxg6 21. Bxg7 Kxg7 22. Qxh5 Qxf4 23. Rf1 Qh6 24. Qe5+ Kg8 25. Qxc5 Bb7 26. Rh3 Qg7 27. Ne3 Rfd8 28. Qg5 Qe5 29. Qh6 Qg7 30. Qh5 Bc8 31. Ng4 Qd4+ 32. Kh1 e5 33. Qh7+ 1-0

[Event "*** Titled Tuesday Blitz"]
[Site "Chess.com"]
[Date "2020.03.03"]
[Round "4"]
[White "Saloni1299"]
[Black "shanemelaughcm"]
[Result "1-0"]
[WhiteElo "2048"]
[BlackElo "2249"]
[TimeControl "180+1"]
[EndTime "9:41:50 PST"]
[Termination "Saloni1299 won by checkmate"]

1. e4 d6 2. d4 Nf6 3. Nc3 Nbd7 4. f4 e5 5. Nf3 exd4 6. Nxd4 c6 7. Be2 d5 8. e5 Ne4 9. Nxe4 dxe4 10. O-O Bc5 11. Kh1 O-O 12. c3 Nb6 13. Nb3 Qe7 14. Qc2 Bf5 15.
Nxc5 Qxc5 16. b4 Qe7 17. c4 Qxb4 18. Be3 Qa4 19. Qc3 Be6 20. Rfc1 Rad8 21. Bc5 Rfe8 22. Bd6 Nc8 23. c5 Nxd6 24. cxd6 Bd5 25. Rcb1 b5 26. Rb4 Qa5 27. a4 Qb6 28. axb5 cxb5 29.
Rxb5 Qf2 30. Rxd5 Qxe2 31. Re1 Qf2 32. Qe3 Qxe3 33. Rxe3 f5 34. Rc3 Rd7 35. h3 g6 36.
Rc7 Red8 37. Rxd7 Rxd7 38. e6 Rb7 39. d7 Rb1+ 40. Kh2 Kg7 41. d8=Q e3 42. Rd7+ Kh6 43.
Qh4# 1-0

[Event "*** Titled Tuesday Blitz"]
[Site "Chess.com"]
[Date "2020.03.03"]
[Round "4"]
[White "bgfbfbgfbgfgf"]
[Black "jmduque"]
[Result "1-0"]
[WhiteElo "2646"]
[BlackElo "2442"]
[TimeControl "180+1"]
[EndTime "9:41:53 PST"]
[Termination "bgfbfbgfbgfgf won by checkmate"]

1. e4 e5 2. Nf3 Nc6 3. Bb5 a6 4. Ba4 Nf6 5. O-O Be7 6. d3 d6 7. a3 O-O 8. Nc3 b5 9. Bb3 Na5 10. Ba2 c5 11. b4 Nc6 12. Nd5 Be6 13. Bd2 c4 14. Nxe7+ Qxe7 15. Bg5 cxd3 16. Qxd3 Bxa2 17.
Rxa2 Rad8 18. c4 Qe6 19. Rc2 Na7 20. Rd1 h6 21. Be3 bxc4 22. Qxc4 Rc8 23. Qxe6 fxe6 24. Rdc1 Rxc2 25. Rxc2 Nb5 26. a4 Nd4 27. Bxd4 exd4 28. Nxd4 e5 29. Nc6 Nxe4 30. b5 axb5 31. axb5 Nc5 32.
Rd2 Ra8 33. h4 Ra1+ 34. Kh2 Rb1 35. Rxd6 Rxb5 36. Nxe5 Ne4 37. Rd8+ Kh7 38. Nd3 Rb3 39. f3 Nf6 40. g4 Rc3 41. h5 g6 42. hxg6+ Kxg6 43. Ne5+ Kg7 44. Kg3 Rc1 45. Ra8 h5 46. g5 Rg1+ 47. Kf4 Nd5+ 48. Kf5 Ne7+ 49. Ke6 Rxg5 50.
Ra7 Kf8 51. Nd7+ Kg7 52. Kxe7 Rg3 53. f4 Rf3 54. Ra4 h4 55. Ne5 Rf1 56. Ke6 h3 57. Ra7+ Kh6 58. Kf5 h2 59. Ng4+ Kh5 60. Rh7# 1-0

[Event "*** Titled Tuesday Blitz"]
[Site "Chess.com"]
[Date "2020.03.03"]
[Round "4"]
[White "bascheyaro"]
[Black "ChessWarrior7197"]
[Result "0-1"]
[WhiteElo "2756"]
[BlackElo "2878"]
[TimeControl "180+1"]
[EndTime "9:41:56 PST"]
[Termination "ChessWarrior7197 won by resignation"]

1. d4 Nf6 2. c4 e6 3. Nf3 d5 4. Nc3 Bb4 5. Bg5 h6 6. Bxf6 Qxf6 7. e3 c5 8. cxd5 exd5 9. Qb3 Nc6 10. Bb5 O-O 11. dxc5 d4 12. Bxc6 dxc3 13. Qxb4 cxb2 14.
Rb1 bxc6 15. Qxb2 Qg6 16. O-O Bh3 17. Ne1 Be6 18. f3 Rfd8 19. Rf2 Rd5 20. Qc2 Rxc5 21. Qxg6 fxg6 22. e4 Rd8 23. Rfb2 Ra5 24. Rc1 c5 25. Kf2 c4 26. Rc3 Rd1 27. Nc2 Rd2+ 28. Kg3 Rg5+ 29. Kf4 Rgxg2 30. Rb8+ Kh7 31. Ne3 Rxh2 32. Nxc4 Rxa2 33.
Ne5 Ra5 34. Nc6 g5+ 35. Ke3 Raa2 36. Ne7 Rad2 37. Rd3 Rxd3+ 38. Kxd3 Rh3 39. Ke2 g4 40. f4 Rh2+ 41. Ke3 g3 42. f5 Bf7 43. Rf8 Rb2 44. Rxf7 g2 45. f6 g1=Q+ 46. Kd3 Qd1+ 47. Ke3 Qb3+ 48.
Kf4 Qxf7 0-1

[Event "*** Titled Tuesday Blitz"]
[Site "Chess.com"]
[Date "2020.03.03"]
[Round "4"]
[White "Art_Vandelay1980"]
[Black "talman67"]
[Result "0-1"]
[WhiteElo "2770"]
[BlackElo "2559"]
[TimeControl "180+1"]
[EndTime "9:41:56 PST"]
[Termination "talman67 won on time"]

1. e4 e5 2. Nf3 Nc6 3. Bb5 a6 4.
Ba4 Nf6 5. O-O Nxe4 6. d4 b5 7. Bb3 d5 8. dxe5 Be6 9. c3 Bc5 10. Nbd2 O-O 11. Qe2 Nxd2 12. Bxd2 Bg4 13. h3 Bxf3 14.
Qxf3 Nxe5 15. Qh5 Re8 16. Bf4 Nd3 17. Bg3 c6 18. Bc2 g6 19. Qh6 Nxb2 20. Rfe1 Qf6 21. Qd2 Nc4 22. Qd3 Re6 23. Rxe6 Qxe6 24. Kh2 Re8 25.
f4 Qe3 26. Re1 Qxe1 27. Bxe1 Rxe1 28. Bb3 Bg1+ 29. Kh1 Be3+ 30. Kh2 Bxf4+ 31. g3 Re3 32. Qd4 Bxg3+ 33. Kg2 Be5 0-1

[Event "*** Titled Tuesday Blitz"]
[Site "Chess.com"]
[Date "2020.03.03"]
[Round "4"]
[White "moro182"]
[Black "GMSrinath"]
[Result "1-0"]
[WhiteElo "2669"]
[BlackElo "2871"]
[TimeControl "180+1"]
[EndTime "9:41:59 PST"]
[Termination "moro182 won by checkmate"]

1. d4 Nf6 2. c4 e6 3. Nc3 Bb4 4. Nf3 d5 5. Bg5 h6 6. Bxf6 Qxf6 7. Qa4+ Nc6 8. e3 O-O 9. Rd1 Bd7 10. Qb3 a5 11. a3 a4 12. Qc2 Ba5 13. Bd3 dxc4 14.
Bxc4 Rfd8 15. O-O e5 16. Nd5 Qd6 17. Qe4 exd4 18. Nxd4 Qe5 19. Qf3 Nxd4 20. exd4 Qg5 21. Ne3 Qf6 22. Qxf6 gxf6 23. Rc1 c6 24. Rfd1 Kg7 25. d5 Bb6 26. dxc6 Bxc6 27. Nf5+ Kg6 28. Bd3 Kg5 29. h4+ Kf4 30. g3+ Kf3 31. Rc3 Bxf2+ 32. Kh2 Kg4 33. Rc4+ Kf3 34. Rf4# 1-0

[Event "*** Titled Tuesday Blitz"]
[Site "Chess.com"]
[Date "2020.03.03"]
[Round "4"]
[White "lasayon"]
[Black "floplover"]
[Result "1-0"]
[WhiteElo "2635"]
[BlackElo "2313"]
[TimeControl "180+1"]
[EndTime "9:41:59 PST"]
[Termination "lasayon won on time"]

1. Nf3 Nf6 2. c4 e6 3. g3 d5 4. Bg2 Be7 5. O-O O-O 6. b3 c5 7. Bb2 d4 8. e3 Nc6 9. exd4 cxd4 10. Re1 Re8 11. Ne5 Nxe5 12. Rxe5 Bd6 13. Re1 e5 14. d3 Bg4 15. Qc2 Qd7 16. Nd2 Bb4 17.
a3 Bxd2 18. Qxd2 Rad8 19. f4 exf4 20. Qxf4 Rxe1+ 21. Rxe1 Bf5 22. Qf3 b6 23. Re5 g6 24.
h3 h5 25. Qf4 Kg7 26. Rd5 Nxd5 27. Qxd4+ f6 28. Bxd5 Qd6 29. Kg2 Re8 30. g4 hxg4 31.
hxg4 Bd7 32. g5 Bc6 33. Qxf6+ Qxf6 34. Bxf6+ Kh7 35. Bxc6 Re3 36. Be4 Re2+ 37. Kf3 Ra2 38. b4 Rxa3 39. b5 Ra2 40. Kf4 a5 41. bxa6 Rxa6 42.
d4 Ra4 43. Bd3 Ra3 44. Ke4 Rb3 45. d5 Kg8 46. d6 1-0

[Event "*** Titled Tuesday Blitz"]
[Site "Chess.com"]
[Date "2020.03.03"]
[Round "4"]
[White "DonBroca"]
[Black "aridannie"]
[Result "0-1"]
[WhiteElo "2069"]
[BlackElo "2422"]
[TimeControl "180+1"]
[EndTime "9:42:00 PST"]
[Termination "aridannie won on time"]

1. e4 c5 2. Nf3 Nc6 3. d4 cxd4 4. Nxd4 e5 5. Nb5 d6 6. N1c3 a6 7. Na3 b5 8. Nd5 Nge7 9. Bg5 h6 10. Be3 Nxd5 11.
exd5 Ne7 12. g3 g6 13. Bg2 Bg7 14. Qd2 f5 15. c4 Bd7 16. b3 g5 17. Qe2 O-O 18. O-O f4 19. Bd2 Nf5 20. Rad1 Nd4 21.
Qh5 f3 22. Bh3 Be8 23. Qg4 Rf5 24. Bc3 h5 25. Qe4 g4 26. Bxd4 Rf8 27. Be3 gxh3 28. Nc2 Qf6 29. Qd3 Bg6 30. Qd2 Rac8 31. Bh6 bxc4 32.
Bxg7 Kxg7 33. bxc4 Rxc4 34. Ne3 Rd4 35. Qa5 Rxd1 36.
Rxd1 h4 37. Rc1 hxg3 38. hxg3 h2+ 39. Kxh2 Bf7 0-1

[Event "*** Titled Tuesday Blitz"]
[Site "Chess.com"]
[Date "2020.03.03"]
[Round "4"]
[White "rasmussvane"]
[Black "Andrei_Belozerov"]
[Result "1-0"]
[WhiteElo "2882"]
[BlackElo "2645"]
[TimeControl "180+1"]
[EndTime "9:42:01 PST"]
[Termination "rasmussvane won by resignation"]

1. Nf3 d5 2. g3 Bg4 3. Bg2 Nd7 4. h3 Bh5 5. O-O c6 6. d4 e6 7. c4 Ngf6 8. cxd5 exd5 9. Nh4 Bg6 10. Nc3 Bd6 11. Nxg6 hxg6 12. Bg5 O-O 13. h4 Re8 14. Qc2 Nf8 15. Rad1 Ne6 16. Bc1 Qb6 17. Qd3 Re7 18. Bf3 Rae8 19. Kg2 Bb4 20. Rh1 Nh5 21. Bg5 Rd7 22. a3 Be7 23. Bc1 Rf8 24.
b4 f5 25. e3 Nc7 26. Ne2 Bd6 27. Bd2 Ne8 28. Rb1 Nef6 29. a4 Ne4 30. b5 c5 31.
dxc5 Bxc5 32. Bb4 Rfd8 33. Rhc1 Bxb4 34. Rxb4 Nhf6 35. Qc2 Re7 36. Rd4 Rde8 37. Nf4 g5 38.
hxg5 Nxg5 39. Nxd5 Qd6 40. Nxe7+ Qxe7 41. Qxf5 Nxf3 42. Qxf3 Ne4 43. Rcc4 Nd6 44. Qd5+ Kh7 45. Qxd6 1-0

[Event "*** Titled Tuesday Blitz"]
[Site "Chess.com"]
[Date "2020.03.03"]
[Round "4"]
[White "Grandelicious"]
[Black "MishkaFighter"]
[Result "1-0"]
[WhiteElo "2694"]
[BlackElo "2481"]
[TimeControl "180+1"]
[EndTime "9:42:02 PST"]
[Termination "Grandelicious won by resignation"]

1. Nf3 Nf6 2. g3 d5 3. Bg2 e6 4. O-O Be7 5. c4 d4 6. d3 c5 7. e4 O-O 8. e5 Nfd7 9. h4 Nc6 10. Bf4 f6 11. exf6 Bxf6 12. Nbd2 e5 13. Bg5 h6 14. Bxf6 Nxf6 15. Re1 Qc7 16. Nb3 b6 17.
Nfd2 Bf5 18. Qf3 Ne7 19. Qe2 Nc6 20. Ne4 Nxe4 21. Bxe4 Bxe4 22. Qxe4 Rf7 23. a3 Raf8 24. Re2 Qd6 25. Rf1 Qf6 26. Nd2 Re7 27. Qd5+ Kh8 28. Ne4 Qg6 29. Qd6 Qg4 30. f3 Qc8 31. Qg6 Re6 32.
Qg4 Qe8 33. Ref2 Rg6 34. Qh3 Ne7 35. h5 Re6 36. f4 Nc6 37. f5 Re7 38. f6 Ref7 39.
fxg7+ Kxg7 40. Qg4+ Kh8 41. Qg6 Rxf2 42. Qxh6+ Kg8 43. Rxf2 Rxf2 44. Kxf2 Kf7 45. Nd6+ 1-0

[Event "*** Titled Tuesday Blitz"]
[Site "Chess.com"]
[Date "2020.03.03"]
[Round "4"]
[White "Sashadav97"]
[Black "Man-Chuk"]
[Result "0-1"]
[WhiteElo "2571"]
[BlackElo "2764"]
[TimeControl "180+1"]
[EndTime "9:42:03 PST"]
[Termination "Man-Chuk won by resignation"]

1. d4 Nf6 2. c4 g6 3. Nc3 d5 4. Nf3 Bg7 5. Bg5 Ne4 6. Bf4 Nxc3 7. bxc3 dxc4 8. e4 c5 9. Bxc4 Nc6 10. d5 Bxc3+ 11.
Bd2 Bxa1 12. Qxa1 Nd4 13. Nxd4 cxd4 14. Qxd4 O-O 15. Bh6 f6 16. d6+ Kh8 17. dxe7 Qxe7 18. Bxf8 Qxf8 19. O-O Qe7 20. f4 Kg7 21. e5 Bf5 22. e6 Rd8 23. Qxa7 Qb4 24. Bb3 Rd2 25. Qe3 Be4 26. Rf2 Rd3 27. Qe2 Qd4 28. e7 Re3 29. e8=Q Rxe2 30. Qe7+ Kh6 31. Qf8+ Kh5 32. g4+ Kxg4 33.
h3+ 0-1

[Event "*** Titled Tuesday Blitz"]
[Site "Chess.com"]
[Date "2020.03.03"]
[Round "4"]
[White "dusanacns"]
[Black "MergenKakabaev"]
[Result "0-1"]
[WhiteElo "2653"]
[BlackElo "2484"]
[TimeControl "180+1"]
[EndTime "9:42:03 PST"]
[Termination "MergenKakabaev won by checkmate"]

1. e4 e5 2. Nf3 Nc6 3. Bc4 Nf6 4. d3 Bc5 5. c3 d6 6. h3 a6 7. Bb3 Ba7 8. Nbd2 O-O 9. Nf1 Ne7 10.
Ng3 Ng6 11. O-O c6 12. d4 exd4 13. cxd4 d5 14. e5 Ne4 15. Be3 Nxg3 16. fxg3 f6 17. exf6 Qxf6 18. Qd2 Qd6 19. Ne5 Bf5 20. Rae1 Be4 21.
Bf4 Nxf4 22. gxf4 Kh8 23. Kh2 Rf6 24. g3 Raf8 25. h4 g6 26. Re2 Kg7 27. Rfe1 a5 28. Rd1 Bb6 29. Bc2 Bxc2 30. Qxc2 Re6 31. Qd3 Re7 32.
a3 Qf6 33. Rde1 Rfe8 34. Re3 Qf5 35. Qd2 Re6 36. R1e2 h6 37. Rb3 c5 38. dxc5 Bxc5 39. Rxb7+ R8e7 40. Rxe7+ Bxe7 41. Qxd5 Bxh4 42. Rc2 Qxc2+ 43.
Kh3 Qf5+ 44. g4 Qxf4 45. Qxe6 Qg3# 0-1

[Event "*** Titled Tuesday Blitz"]
[Site "Chess.com"]
[Date "2020.03.03"]
[Round "4"]
[White "Korona_91"]
[Black "davserr65"]
[Result "1-0"]
[WhiteElo "2428"]
[BlackElo "2037"]
[TimeControl "180+1"]
[EndTime "9:42:04 PST"]
[Termination "Korona_91 won by resignation"]

1. e4 c5 2. Nf3 d6 3. Bb5+ Nd7 4. a4 Nf6 5. Nc3 a6 6. Bc4 e6 7. O-O Be7 8. d4 cxd4 9. Nxd4 Qc7 10. Bxe6 fxe6 11. Nxe6 Qc6 12. Nxg7+ Kf7 13. Nf5 Ne5 14. Nd4 Qc7 15. Nd5 Nxd5 16. exd5 Rf8 17. f4 Ng6 18. f5 Ne5 19. Ne6 Bxe6 20. dxe6+ Kg8 21. Bh6 Bf6 22. Bxf8 Rxf8 23. Ra3 Kh8 24. Kh1 Rg8 25. Rc3 Qb6 26. Qh5 Qd8 27. Rh3 Qe7 28. b4 Rg5 29. Qe2 Rg8 30. c4 Rc8 31. Rc3 a5 32.
bxa5 Rc5 33. Qe4 Rxa5 34. Rb1 Nc6 35. Rcb3 Re5 36. Qf3 Nd4 37. Rxb7 Nxf3 38. Rxe7 Bxe7 39. gxf3 Rxf5 40. Rb7 Bf6 41. e7 Bxe7 42. Rxe7 Rxf3 43. a5 Ra3 44. Ra7 Ra4 45. a6 Rxc4 46. Rb7 1-0

[Event "*** Titled Tuesday Blitz"]
[Site "Chess.com"]
[Date "2020.03.03"]
[Round "4"]
[White "TigrVShlyape"]
[Black "SantoBlue"]
[Result "1-0"]
[WhiteElo "2883"]
[BlackElo "2757"]
[TimeControl "180+1"]
[EndTime "9:42:05 PST"]
[Termination "TigrVShlyape won by resignation"]

1. d4 Nf6 2. Nf3 g6 3. Bf4 Bg7 4. c3 O-O 5. e3 d6 6. h3 Kh8 7.
Be2 Nbd7 8. Bh2 Qe8 9. a4 e5 10. Na3 a6 11. Nd2 Ng8 12. Nac4 Rb8 13. O-O f5 14. Re1 e4 15. b4 g5 16. b5 axb5 17. axb5 d5 18. b6 cxb6 19. Bxb8 dxc4 20. Bd6 Rf6 21.
Bh2 b5 22. Bh5 Qd8 23. f3 exf3 24. Nxf3 Rh6 25. Ne5 Nxe5 26. dxe5 Qxd1 27. Bxd1 Re6 28. Bc2 Ne7 29. Ra8 Bxe5 30. Bxf5 Bxh2+ 31. Kxh2 Nxf5 32. Rxc8+ Kg7 33. e4 Ne7 34. Rc5 Kg6 35.
Rxb5 b6 36. Kg3 h6 37. Kf3 Nc8 38. Rd1 h5 39. Rdd5 g4+ 40. hxg4 hxg4+ 41. Kf4 Ne7 42. Rg5+ Kf6 43. Rh5 Ng6+ 44. Ke3 Re7 45. Rxb6+ Kf7 46.
Rh7+ 1-0

[Event "*** Titled Tuesday Blitz"]
[Site "Chess.com"]
[Date "2020.03.03"]
[Round "4"]
[White "NTBT_DHS"]
[Black "Mikedannnn"]
[Result "1/2-1/2"]
[WhiteElo "2704"]
[BlackElo "2537"]
[TimeControl "180+1"]
[EndTime "9:42:07 PST"]
[Termination "Game drawn by repetition"]

1. d4 c5 2. d5 d6 3. e4 g6 4. h4 h5 5. Bb5+ Bd7 6. a4 Bxb5 7. axb5 Bg7 8. Nf3 Nf6 9. Nc3 O-O 10. Ng5 Nbd7 11.
Qe2 Qc7 12. f3 c4 13. Be3 a6 14. O-O Ne5 15. b6 Qd8 16. Bd4 Nfd7 17. Qe3 Nc5 18.
Na4 Ned7 19. Bxg7 Kxg7 20. Nxc5 Nxc5 21. f4 Qxb6 22. Kh1 Nd7 23. Qc3+ Nf6 24. f5 Kg8 25. Rf3 Ng4 26. Raf1 Ne5 27. Rg3 a5 28. f6 exf6 29.
Rxf6 Qb4 30. Qe3 Ng4 31. Rxg4 hxg4 32. h5 Qxb2 33. Qf2 Qa1+ 34. Kh2 Qe5+ 35. g3 Qxg5 36.
Rxd6 Qxh5+ 37. Kg2 Qe5 38. Qb6 Qxe4+ 39. Kh2 Qe2+ 40.
Kh1 a4 41. Rxg6+ fxg6 42. Qxg6+ Kh8 43. Qh6+ Kg8 44. Qg6+ Kh8 45. Qh6+ Kg8 46. Qg6+ 1/2-1/2

[Event "*** Titled Tuesday Blitz"]
[Site "Chess.com"]
[Date "2020.03.03"]
[Round "4"]
[White "boasovietica"]
[Black "Volodar_Murzin"]
[Result "1/2-1/2"]
[WhiteElo "2519"]
[BlackElo "2685"]
[TimeControl "180+1"]
[EndTime "9:42:07 PST"]
[Termination "Game drawn - insufficient material"]

1. Nf3 d5 2. e3 Nf6 3. c4 c6 4. b3 a6 5. Bb2 Bg4 6. Be2 e6 7.
O-O Nbd7 8. d3 Bd6 9. Nbd2 O-O 10. Re1 Qe7 11. Nf1 Rad8 12. Ng3 Ba3 13. Qc2 Bxb2 14. Qxb2 Bxf3 15. Bxf3 Nc5 16. Qc2 dxc4 17. dxc4 a5 18. Red1 Rxd1+ 19. Rxd1 Rd8 20. h3 Rxd1+ 21. Qxd1 Kf8 22.
Qc2 Qd6 23. Ne4 Nfxe4 24. Bxe4 g6 25. Bf3 e5 26. g3 Ke7 27. Kg2 f6 28. Qc3 Qd8 29.
a3 Qb6 30. b4 axb4 31. axb4 Na6 32. b5 cxb5 33. cxb5 Nc5 34. Qc4 Nd7 35. Qd5 f5 36.
Qxb7 e4 37. Bxe4 fxe4 38. Qxe4+ Qe6 39. Qxe6+ Kxe6 40. g4 Kd5 41. Kg3 Ke4 42. Kh4 h6 43.
f4 Kxe3 44. f5 gxf5 45. gxf5 Kf4 46. Kh5 Kxf5 47. Kxh6 Kf6 48. h4 Nb6 49. h5 Kf7 50. Kg5 Kg7 51. Kf5 Kh6 52. Ke5 Kxh5 53. Kd6 Na4 54. Kc6 Kg5 55. b6 Nxb6 1/2-1/2

[Event "*** Titled Tuesday Blitz"]
[Site "Chess.com"]
[Date "2020.03.03"]
[Round "4"]
[White "EugeneRougon"]
[Black "Sankalp_Gupta2003"]
[Result "0-1"]
[WhiteElo "2693"]
[BlackElo "2840"]
[TimeControl "180+1"]
[EndTime "9:42:08 PST"]
[Termination "Sankalp_Gupta2003 won by resignation"]

1. e4 c6 2. d4 d5 3. Nc3 dxe4 4. Nxe4 Bf5 5. Ng3 Bg6 6. h4 h6 7.
Nf3 e6 8. Ne5 Bh7 9. Bd3 Bxd3 10. Qxd3 Nd7 11. Bf4 Nxe5 12. Bxe5 Qa5+ 13. c3 Nf6 14.
Ne4 Nxe4 15. Qxe4 Qd5 16. Qg4 h5 17. Qg3 Qe4+ 18. Kf1 O-O-O 19. Re1 Qc2 20. Qf3 Rd7 21. Kg1 Qxb2 22. Kh2 Qb5 23. Rb1 Qd5 24. Qe2 Bd6 25. Qe3 f6 26. Bxd6 Qxd6+ 27. g3 g5 28. hxg5 fxg5 29.
Qxg5 Qa3 30. Kg2 Qxc3 31. Rbd1 Rf7 32. Qe3 Qc4 33. Rhe1 Qd5+ 34. Qe4 h4 35. Qxd5 exd5 36. Rh1 Rhf8 37. Rdf1 hxg3 38. f3 Rf4 39. Kxg3 Rxd4 40. Rh7 Rd3 41. Kg4 Ra3 42. Rf2 d4 43. f4 d3 44. f5 Ra4+ 45. Kg5 Rd4 46. Rhh2 c5 47. f6 c4 48. f7 c3 49. Kf6 d2 50. Rh1 0-1

[Event "*** Titled Tuesday Blitz"]
[Site "Chess.com"]
[Date "2020.03.03"]
[Round "4"]
[White "Chessmatus"]
[Black "Roman_Ovetchkin"]
[Result "0-1"]
[WhiteElo "2380"]
[BlackElo "2638"]
[TimeControl "180+1"]
[EndTime "9:42:08 PST"]
[Termination "Roman_Ovetchkin won on time"]

1. d4 Nf6 2. c4 g6 3. Nc3 Bg7 4. e4 d6 5. Be2 O-O 6. Be3 c5 7.
d5 b5 8. cxb5 a6 9. a4 Qa5 10.
Bd2 Qb4 11. Qc2 axb5 12. Bxb5 Ba6 13. Bxa6 Nxa6 14. Nge2 Qc4 15. O-O Nb4 16. Qb1 Rfb8 17. b3 Qd3 18. Qxd3 Nxd3 19. Rfb1 Ng4 20. f3 Nge5 21.
Nb5 c4 22. bxc4 Nxc4 23. Bc3 Bh6 24. Bd4 Nd2 25. Rd1 Ne5 26. Nec3 Nec4 27. Bf2 Nb2 28.
Re1 Bg7 29. Bd4 Nb3 30. Bxg7 Nxa1 31. Rxa1 Kxg7 32. Kf2 Nxa4 33. Nc7 Rb2+ 34. Ke3 Rc8 35. Nxa4 Rb3+ 36. Kd2 Rxc7 37. Ra2 Ra7 38. Kc2 Rb4 39. Nc3 Rxa2+ 40. Nxa2 Ra4 41. Nc3 Ra1 42. Kd3 Rg1 43. g3 Rg2 44. Ne2 Rxh2 45. Ke3 h5 0-1